 Dungeon Crawl Stone Soup version 0.28.0-53-g5a82cb258f (webtiles) character file.

Game seed: 841773302920838090

821 Icepheonix32 the Frost Mage (level 7, -2/75 HPs)
             Began as a Demonspawn Ice Elementalist on June 6, 2022.
             Was an Initiate of Okawaru.
             Slain by Menkaure (3 damage)
             ... on level 5 of the Dungeon.
             The game lasted 00:07:21 (4787 turns).

Icepheonix32 the Frost Mage (DsIE)                  Turns: 4787, Time: 00:07:22

Health: -2/75      AC: 36    Str: 13 (14) XL:     7   Next: 63%
Magic:  6/10       EV:  2    Int: 15 (18) God:    Okawaru [......]
Gold:   253        SH:  0    Dex: 11 (14) Spells: 3/10 levels left

rFire   . . .      SeeInvis .   o - +2 dagger (venom)
rCold   . . .      Faith    .   (no shield)
rNeg    . . .      Spirit   .   (armour currently unavailable)
rPois   +          Reflect  .   (helmet currently unavailable)
rElec   .          Harm     .   (cloak currently unavailable)
rCorr   .          Rampage  .   (gloves currently unavailable)
Will    .....      NoTele   +   (boots currently unavailable)
Stlth   ++........              (no amulet)
HPRegen 0.22/turn               j - +4 ring of protection
MPRegen 0.12/turn               l - +6 ring of strength

@: brilliant, ice-armoured, tree-form, attractive
A: stationary, stasis, torment immunity, boosted hp, (antennae 1), rugged brown
scales 1, (spiny 1)
a: Renounce Religion


You were on level 5 of the Dungeon.
You worshipped Okawaru.
Okawaru was noncommittal.
You were a tree.
You visited 2 branches of the dungeon, and saw 6 of its levels.

You collected 253 gold pieces.

Inventory:

Hand Weapons
 c - a +0 vampiric whip
 e - a +0 spear
 o - a +2 dagger of venom (weapon)
 u - a +3 long sword
 v - a +1 war axe of flaming
Missiles
 r - 64 sling bullets
Armour
 a - a +0 robe (melded)
Jewellery
 j - a +4 ring of protection (left branch)
 l - a +6 ring of strength (right branch)
Scrolls
 d - a scroll of blinking {unknown}
 h - 2 scrolls of fear {unknown}
 k - a scroll of noise {unknown}
 m - 2 scrolls of teleportation {unknown}
 n - a scroll of torment {unknown}
 p - a scroll of enchant armour {unknown}
 q - 5 scrolls of identify {unknown}
Potions
 b - 2 potions of mutation
 i - a potion of attraction


   Skills:
 + Level 1.6 Fighting
 - Level 2.0 Dodging
 - Level 1.7 Stealth
 - Level 2.0 Spellcasting
 * Level 8.3 Ice Magic
 * Level 2.0 Invocations


You had 3 spell levels left.
You knew the following spells:

 Your Spells              Type           Power      Damage    Failure   Level
a - Freeze                Ice            100%       1d11      1%          1
b - Ozocubu's Armour      Ice            39%        N/A       2%          3
c - Frozen Ramparts       Ice            78%        1d9       2%          3

Your spell library contained the following spells:

 Spells                   Type           Power      Damage    Failure   Level
 Gell's Gravitas          Tloc           2%         N/A       54%         3
 Lesser Beckoning         Tloc           2%         N/A       54%         3
 Teleport Other           Tloc           2%         N/A       54%         3
 Hailstorm                Conj/Ice       21%        3d6       36%         4


Dungeon Overview and Level Annotations

Branches:
Dungeon (5/15)             Temple (1/1) D:4

Altars:
Ashenzari
Cheibriados
Dithmenos
Gozag
Kikubaaqudgha
Okawaru
Qazlal
Trog
Vehumet
Wu Jian
Xom
Zin
The Shining One

Shops:
D:1 (

Annotations:
D:5 Eustachio, Menkaure


Innate Abilities, Weirdness & Mutations

You are a tree.
Your roots penetrate the ground, keeping you stationary.
You cannot be teleported.
You are immune to unholy pain and torment.
Your maximum health is greatly increased.
Your equipment is partially melded.
((You have a pair of small antennae on your head.))
(You are partially covered in rugged brown scales. (AC +1, +3% HP))
((You are partially covered in sharp spines.))


Message History

* * * LOW HITPOINT WARNING * * *
You are too injured to fight recklessly!
Unknown command.
You are too injured to fight recklessly!
Unknown command.
Unknown command.
You feel better.
Menkaure resists.
The wall freezes Menkaure.
Menkaure hits you!
* * * LOW HITPOINT WARNING * * *
Unknown command.
It was a potion of lignification.
You turn into a tree.
Your +0 robe melds into your body.
Your roots penetrate the ground.
Menkaure completely resists.
The wall freezes Menkaure but does no damage.
Menkaure hits you but does no damage.
The wall freezes the iguana.
You kill the iguana!
Okawaru accepts your kill.
Menkaure completely resists.
The wall freezes Menkaure but does no damage.
Menkaure hits you but does no damage.
You hit Menkaure.
Menkaure is heavily damaged.
Menkaure completely resists.
The wall freezes Menkaure but does no damage.
Menkaure hits you.
* * * LOW HITPOINT WARNING * * *
You hit Menkaure but do no damage.
Menkaure is heavily damaged.
Menkaure resists.
The wall freezes Menkaure.
Menkaure hits you.
* * * LOW HITPOINT WARNING * * *
Unknown command.
Casting: Ozocubu's Armour (mildly dangerous; 2% risk of failure)
Confirm with . or Enter, or press ? or * to list all spells.
Okay, then.
You hit Menkaure.
Menkaure is severely damaged.
The frozen ramparts melt away.
Menkaure gestures ominously.
Menkaure hits you.
You die...

.# .# .# #####.###.##
#..........@
#.##........ ##.##.##)#
#.....##.#
##..#####.######## #
................♣#.##...
##..####.###.....M†.....
....# #)# #.##.........
###.# #.# #<##.#####..#
# #.# #.# #.##.# .# #
#.# #.# #.##.# #
#.####.###.##.#
###.#........##.#
.)[....#.# #.


You could see Menkaure (fast).

Vanquished Creatures
  Grinder (D:4)
  4 hounds
  3 orc priests
  Jessica (D:2)
  A centaur skeleton (D:4)
  2 iguanas (D:5)
  4 orc wizards
  A hound skeleton (D:4)
  12 gnolls
  2 adders (D:4)
  An adder skeleton (D:4)
  A worm (D:2)
  2 dart slugs (D:4)
  6 orcs
  7 bats
  7 endoplasms
  6 giant cockroaches
  8 goblins
  4 hobgoblins
  7 jackals
  A quokka (D:1)
  7 ball pythons
  A frilled lizard (D:1)
  11 kobolds
  6 rats
106 creatures vanquished.

Vanquished Creatures (others)
  4 toadstools (D:4)
4 creatures vanquished.

Grand Total: 110 creatures vanquished

Notes
Turn   | Place    | Note
-------+----------+-------------------------------------------
     0 | D:1      | Icepheonix32 the Demonspawn Ice Elementalist began the
                  | quest for the Orb.
     0 | D:1      | Reached XP level 1. HP: 13/13 MP: 3/3
   131 | D:1      | Found Diarum's Weapon Emporium.
   276 | D:1      | Reached skill level 4 in Ice Magic
   276 | D:1      | Gained mutation: You are partially covered in sharp spines.
                  | [demonic ancestry]
   276 | D:1      | Reached XP level 2. HP: 19/19 MP: 1/5
   869 | D:1      | Reached XP level 3. HP: 18/24 MP: 2/6
  1770 | D:2      | Noticed Jessica
  1774 | D:2      | Killed Jessica
  1775 | D:2      | Reached skill level 5 in Ice Magic
  1775 | D:2      | Reached XP level 4. HP: 30/30 MP: 5/7
  1828 | D:2      | Learned a level 3 spell: Ozocubu's Armour
  1832 | D:2      | Learned a level 3 spell: Frozen Ramparts
  2299 | D:3      | Found a faded altar of an unknown god.
  2301 | D:3      | Noticed a golden eye
  2301 | D:3      | Noticed a golden eye
  2302 | D:3      | Noticed a great orb of eyes
  2302 | D:3      | Noticed a golden eye
  2327 | D:3      | Gained mutation: You are partially covered in rugged brown
                  | scales. (AC +1, +3% HP) [demonic ancestry]
  2327 | D:3      | Reached XP level 5. HP: 18/36 MP: 1/8
  2994 | D:4      | Reached skill level 6 in Ice Magic
  2996 | D:4      | Gained mutation: You have a pair of small antennae on your
                  | head. [potion of mutation]
  3267 | D:4      | Noticed Grinder
  3273 | D:4      | Paralysed by Grinder for 2 turns
  3287 | D:4      | Killed Grinder
  3288 | D:4      | Reached skill level 1 in Fighting
  3288 | D:4      | Reached skill level 7 in Ice Magic
  3288 | D:4      | Reached XP level 6. HP: 34/44 MP: 4/9
  3309 | D:4      | Found a snail-covered altar of Cheibriados.
  3403 | D:4      | Found a staircase to the Ecumenical Temple.
  3415 | Temple   | Entered the Ecumenical Temple
  3582 | Temple   | Became a worshipper of Warmaster Okawaru
  3888 | D:4      | Found a stormy altar of Qazlal.
  3892 | D:4      | Found a radiant altar of Vehumet.
  3896 | D:4      | Found a broken altar of Ashenzari.
  4005 | D:4      | Mutation became permanent: You have a pair of small
                  | antennae on your head. [demonic ancestry]
  4005 | D:4      | Gained mutation: You have a pair of small antennae on your
                  | head. [demonic ancestry]
  4005 | D:4      | Reached XP level 7. HP: 37/49 MP: 10/10
  4097 | D:4      | Reached skill level 1 in Invocations
  4619 | D:5      | Entered Level 5 of the Dungeon
  4630 | D:5      | Reached skill level 8 in Ice Magic
  4755 | D:5      | Noticed Eustachio
  4774 | D:5      | Noticed Menkaure
  4786 | D:5      | HP: 1/75 [Menkaure (5)]
  4787 | D:5      | Slain by Menkaure

Illustrated notes

Levels and vault maps discovered:
D:1:      roderic_crossed_star, layout_rooms, serial_shops,
          nicolae_shop_waterfront
D:2:      layout_basic, uniq_jessica
D:3:      layout_loops_ring, hellmonk_ecumenical_altar_watching_god
D:4:      layout_loops_corners, grunt_temple_overflow_diamond,
          kennysheep_slug_shrine, minmay_temple_entry_trees,
          kennysheep_another_room, minmay_gold_behind_fungi,
          cheibrodos_gnoll_hut, uniq_grinder
D:5:      layout_loops_ring, gammafunk_ghost_mausoleum, uniq_menkaure,
          uniq_pikel, uniq_eustachio, uniq_blork_the_orc
Temple:   nicolae_temple_figure_zero

Skill      XL: |  1  2  3  4  5  6  7 |
---------------+----------------------+-----
Ice Magic      | 4 5 7 8 |  8.3
Dodging        | 2 |  2.0
Fighting       | 1 |  1.6
Invocations    | 2 |  2.0
Stealth        | |  1.7
Spellcasting   | |  2.0

Action                   |  1- 3 |  4- 6 |  7- 9 || total
-------------------------+-------+-------+-------++-------
Melee: Short sword       |     7 |       |       ||     7
       Unarmed           |     1 |       |       ||     1
       Whip              |    14 |       |       ||    14
       Dagger            |    10 |    98 |    30 ||   138
       Punch             |       |     1 |     1 ||     2
 Cast: Freeze            |    31 |       |       ||    31
       Ozocubu's Armour  |       |     3 |     4 ||     7
       Frozen Ramparts   |       |     3 |     4 ||     7
  Use: Potion            |       |     2 |     5 ||     7
 Stab: Sleeping          |     3 |     9 |       ||    12
Armor: Robe              |    11 |    25 |    11 ||    47
       Skin              |       |       |     2 ||     2
Dodge: Dodged            |    28 |    46 |    24 ||    98
